 Dungeon Crawl Stone Soup version 0.18-a0-1628-g61c6396 (webtiles) character file.

1855 Ijustatesigmund the Thaumaturge (level 8, -2/39 HPs)
             Began as a Spriggan Conjurer on Mar 25, 2016.
             Slain by an orc warrior
             ... wielding a +0 trident
              (18 damage)
             ... on level 6 of the Dungeon.
             The game lasted 00:29:41 (8831 turns).

Ijustatesigmund the Thaumaturge (Spriggan Conjurer) Turns: 8831, Time: 00:29:41

Health: -2/39      AC:  2    Str:  5    XL:     8   Next: 89%
Magic:  21/21      EV: 14    Int: 18    God:
Gold:   337        SH:  0    Dex: 16    Spells: 3 memorised, 18 levels left

rFire  . . .     SeeInvis +     l - +2 short sword (elec)
rCold  . . .     Gourm    .     a - +0 robe
rNeg   . . .     Faith    .     (shield restricted)
rPois  .         Spirit   .     (helmet restricted)
rElec  .         Dismiss  .     (no cloak)
rCorr  .         Reflect  .     (gloves unavailable)
SustAt .         Harm     .     (boots unavailable)
MR     +....                    (no amulet)
Stlth  ++++......               (no ring)
                                (no ring)

@: very quick, somewhat resistant to hostile enchantments, stealthy
A: unfitting armour, see invisible, herbivore 3, speed 3, slow metabolism 2
a: no special abilities


You were on level 6 of the Dungeon.
You were not hungry.

You visited 2 branches of the dungeon, and saw 7 of its levels.
You also visited: Sewer.

You collected 359 gold pieces.
You spent 22 gold pieces at shops.

Inventory:

Hand Weapons
 f - a +2 short sword
 i - a +3 hunting sling
 l - a +2 short sword of electrocution (weapon)
 q - a +0 blowgun
Missiles
 j - 70 poisoned needles
 y - a throwing net (quivered)
Armour
 a - a +0 robe (worn)
 g - a +0 buckler
Scrolls
 d - 2 scrolls of noise
 h - 2 scrolls of remove curse
 k - 3 scrolls of amnesia
 p - 2 scrolls of fear
 r - 2 scrolls of blinking
 w - 2 scrolls of recharging
 C - a scroll of teleportation
Potions
 e - 4 potions of curing
 m - 2 potions of ambrosia
 o - 5 potions of heal wounds
 s - 2 potions of might
 t - 3 potions of flight
 u - a potion of brilliance
 v - a potion of cure mutation {unknown}
 z - a potion of agility {unknown}
 A - a potion of magic {unknown}
 B - 2 potions of mutation {unknown}
Books
 b - a book of Conjurations

   Spells                             Type                      Level
   a - Magic Dart                     Conjuration                  1
   b - Searing Ray                    Conjuration                  2
   c - Dazzling Spray                 Conjuration/Hexes            3
   d - Fulminant Prism                Conjuration/Hexes            4
   e - Iskenderun's Mystic Blast      Conjuration                  4
   f - Iskenderun's Battlesphere      Conjuration/Charms           5
 n - a book of the Sky

   Spells                             Type                      Level
   a - Summon Lightning Spire         Summoning/Air                4
   b - Airstrike                      Air                          4
   c - Silence                        Hexes/Air                    5
   d - Deflect Missiles               Charms/Air                   6
   e - Conjure Ball Lightning         Conjuration/Air              6
   f - Tornado                        Air                          9
 x - a book of Geomancy

   Spells                             Type                      Level
   a - Sandblast                      Earth                        1
   b - Passwall                       Transmutation/Earth          2
   c - Stone Arrow                    Conjuration/Earth            3
   d - Petrify                        Transmutation/Earth          4
   e - Lee's Rapid Deconstruction     Earth                        5
Comestibles
 c - 2 bread rations
 D - a slice of pizza


   Skills:
 + Level 2.6 Fighting
 + Level 4.6 Short Blades
 - Level 3.0 Throwing
 - Level 4.0 Dodging
 + Level 8.3 Stealth
 + Level 8.7 Spellcasting
 - Level 3.2 Conjurations
 - Level 3.4 Hexes


You had 18 spell levels left.
You knew the following spells:

 Your Spells              Type           Power        Failure   Level  Hunger
a - Magic Dart            Conj           ###.         2%          1    None
b - Searing Ray           Conj           ###...       4%          2    None
c - Dazzling Spray        Conj/Hex       ###.....     10%         3    None


Dungeon Overview and Level Annotations

Branches:
Dungeon (6/15)             Temple (1/1) D:4

Altars:
Ashenzari
Cheibriados
Elyvilon
Makhleb
Nemelex Xobeh
Pakellas
Qazlal
Ru
Sif Muna
Trog
Vehumet
Xom
Zin
The Shining One

Shops:
D:4 *

Annotations:
D:5 Menkaure


Innate Abilities, Weirdness & Mutations

You are tiny and cannot use many weapons and most armour.
You have supernaturally acute eyesight.
You are a herbivore.
You cover ground extremely quickly.
You need consume almost no food.


Message History

The orc warrior is heavily wounded.
The orc barely misses you.
You closely miss the orc warrior.
The orc warrior is heavily wounded.
The orc warrior misses you.
You closely miss the orc warrior.
The orc warrior is heavily wounded.
The orc completely misses you.
The orc warrior hits you with a trident!
You barely miss the orc warrior.
The orc warrior is heavily wounded.
The orc misses you. The orc warrior closely misses you.
You closely miss the orc warrior.
The orc warrior is heavily wounded.
The orc misses you. The orc warrior completely misses you.
The orc barely misses you. The orc warrior barely misses you.
There is a stone staircase leading up here.
The orc warrior hits you from afar with a trident!!
You die...

........(....##....# #.).#
.......).....##....# #...#
.............##....# #..>##
.................... .....
.........##..##### ###.#.#)
.........##..########.#.#.#.#
###########........ ..#..
#..########.#.#
#..#..@...#.#.#
#..#....o.....#
##.#.#..o)#.#.#
#.#.......<#.# #.#........#.#
#.##########.# #..†.........#
##############


You could see an orc warrior and an orc.

Vanquished Creatures
  Grinder (D:3)
  Edmund (D:4)
  A sky beast (D:6)
  An ice beast (D:6)
  An orc warrior (D:6)
  An ogre (D:4)
  A centaur (D:6)
  2 big kobolds (Sewer)
  A scorpion (D:5)
  2 howler monkeys
  A crimson imp (D:6)
  A jelly (D:6)
  6 orc priests
  2 hounds
  Crazy Yiuf (D:4)
  A gnoll shaman (D:3)
  3 orc wizards
  An iguana (D:4)
  Terence (D:3)
  2 worker ants (D:4)
  Robin (D:3)
  9 adders
  3 river rats
  A shadow imp (D:6)
  An ooze (Sewer)
  6 worms
  A dart slug (D:2)
  3 giant geckos
  17 orcs
  6 giant cockroaches
  13 goblins
  11 hobgoblins
  27 kobolds
  2 quokkas
  5 ball pythons (Sewer)
  5 bats
  5 giant newts
  A quokka skeleton (D:6)
  28 rats
176 creatures vanquished.

Vanquished Creatures (others)
  A hippogriff (D:2)
1 creature vanquished.

Grand Total: 177 creatures vanquished

Notes
Turn   | Place    | Note
--------------------------------------------------------------
     0 | D:1      | Ijustatesigmund the Spriggan Conjurer began the quest for the Orb.
     0 | D:1      | Reached XP level 1. HP: 9/9 MP: 5/5
   302 | D:1      | Reached XP level 2. HP: 13/13 MP: 2/7
  1128 | D:2      | Reached XP level 3. HP: 16/16 MP: 6/9
  1544 | D:2      | Learned a level 2 spell: Searing Ray
  1838 | D:2      | Reached XP level 4. HP: 21/21 MP: 5/11
  1884 | D:2      | Reached skill level 5 in Spellcasting
  2446 | D:2      | Found an oddly glowing altar of Pakellas.
  2446 | D:2      | Noticed an orange crystal statue
  2447 | D:2      | Noticed a hippogriff
  2473 | D:2      | Killed a hippogriff
  2548 | D:3      | Found a shattered altar of Ashenzari.
  2601 | D:3      | Noticed Grinder
  2885 | D:3      | Noticed Terence
  2905 | D:4      | Noticed Edmund
  2912 | D:4      | Found a white marble altar of Elyvilon.
  2995 | D:4      | Found a glowing drain.
  2999 | Sewer    | Entered a sewer
  3638 | Sewer    | Reached skill level 1 in Short Blades
  3719 | Sewer    | Reached XP level 5. HP: 18/24 MP: 3/14
  4343 | Sewer    | Reached XP level 6. HP: 28/28 MP: 5/16
  4581 | Sewer    | Learned a level 3 spell: Dazzling Spray
  4659 | D:4      | Killed Edmund
  4659 | D:4      | Reached skill level 1 in Hexes
  4947 | D:4      | Noticed Crazy Yiuf
  4953 | D:4      | Killed Crazy Yiuf
  4953 | D:4      | Reached XP level 7. HP: 32/32 MP: 11/18
  5158 | D:4      | Found a staircase to the Ecumenical Temple.
  5167 | Temple   | Entered the Ecumenical Temple
  5375 | D:4      | Reached skill level 1 in Throwing
  5754 | D:4      | Found Zidat's General Store.
  5760 | D:4      | Bought a scroll of identify for 22 gold pieces
  6008 | D:3      | Killed Terence
  6041 | D:3      | Killed Grinder
  6041 | D:3      | Reached skill level 5 in Stealth
  6150 | D:3      | Noticed Robin
  6311 | D:3      | Killed Robin
  6529 | D:4      | Reached XP level 8. HP: 25/37 MP: 8/20
  6672 | D:3      | Found a snail-covered altar of Cheibriados.
  6907 | D:5      | Entered Level 5 of the Dungeon
  6914 | D:5      | Found a sparkling altar of Nemelex Xobeh.
  7017 | D:5      | Reached skill level 1 in Fighting
  7457 | D:5      | Noticed Menkaure
  8461 | D:6      | Found a glowing silver altar of Zin.
  8744 | D:6      | Found a radiant altar of Vehumet.
  8831 | D:6      | Slain by an orc warrior

Vault maps used:
D:1:      dpeg_arrival_short_road, minmay_distorted
D:2:      gammafunk_pakellas_statue_experiment
D:3:      overflow_temple_1_default, old_standard_altar, uniq_robin,
          uniq_grinder, uniq_terence
D:4:      old_standard_altar, temple_hall, serial_curves, eino_curves_02,
          eino_curves_03, eino_curves_01, first_bread, gup_sewer_entry_bowl,
          serial_shops, nicolae_shop_crystal, hangedman_decor_riveting,
          hangedman_abyss_or_decor_lesser_grid, uniq_crazy_yiuf_cottage,
          uniq_edmund
D:5:      basic_altar, uniq_menkaure
D:6:      kennysheep_mini_moat, nicolae_overflow_crystal_walls
Temple:   zaba_magenta_temple_8
Sewer:    sewer_minmay_treatment

Skill      XL: |  1  2  3  4  5  6  7  8 |
---------------+-------------------------+-----
Spellcasting   | 3 4 5 6 7 8 |  8.7
Conjurations   | 3 |  3.2
Short Blades   | 1 3 4 |  4.6
Hexes          | 2 3 |  3.4
Dodging        | 4 |  4.0
Stealth        | 4 5 8 |  8.3
Throwing       | 3 |  3.0
Fighting       | 2 |  2.6

Action                   |  1- 3 |  4- 6 |  7- 9 || total
-------------------------+-------+-------+-------++-------
Melee: Unarmed           |    12 |       |       ||    12
       Mace              |     7 |       |       ||     7
       Short sword       |       |    32 |    96 ||   128
 Fire: Blowgun           |       |    10 |    46 ||    56
 Cast: Magic Dart        |    93 |   170 |    65 ||   328
       Searing Ray       |       |     6 |    11 ||    17
  Use: Scroll            |     1 |    13 |     6 ||    20
       Potion            |       |     1 |     1 ||     2
 Stab: Sleeping          |       |       |     8 ||     8
       Distracted        |       |       |     1 ||     1
  Eat: Royal jelly       |       |     1 |       ||     1
       Bread ration      |       |       |     1 ||     1
